[Event "1st 4NCL International Open"]
[Site "Telford"]
[Date "2018.10.30"]
[Round "1"]
[White "Gourlay, Iain"]
[Black "Jukes, Sam"]
[Result "1-0"]
[ECO "A11"]
[WhiteElo "2358"]
[BlackElo "1863"]
[Annotator "NA RC"]
[PlyCount "49"]
[EventDate "2018.10.31"]
[EventType "swiss"]
[EventCountry "GBR"]
[SourceTitle "playchess.com"]
[Source "ChessBase"]
[SourceQuality "1"]
[TimeControl "5400+30"]

1. Nf3 d5 2. g3 Nf6 3. Bg2 c6 4. c4 dxc4 5. O-O Nbd7 6. Na3 Nb6 7. Qc2 Qd5 {[%emt 0:04:14] A11: English Opening: 1...c6} (7... g6 8. Nxc4 Nxc4 9. Qxc4 Bg7 10. Re1 O-O 11. d4 Ne4 12. Bf4 Be6 13. Qc2 f5 14. e3 Bd5 15. Ne5 {½-½ (50) Nepomniachtchi,I (2768)-Kobalia,M (2619) Satka 2018}) 8. b3 cxb3 9. axb3 {[%emt 0:00:17] LiveBook: 52 Games} Bf5 10. d3 Qd8 11. Nc4 Nxc4 12. bxc4 e6 $146 ({Predecessor:} 12... g6 13. Be3 Bg7 14. Bxa7 O-O 15. Qb2 {0-1 (64) Cox,J (2392)-Pavlovicius,V (2191) Vilnius 2014}) 13. Be3 Bd6 14. Rfb1 Ng4 15. Bg5 f6 16. c5 Be5 17. Nxe5 Nxe5 18. Bf4 Nxd3 19. Rd1 Qd4 20. exd3 Bg4 21. Re1 e5 22. Ra4 $18 Qd7 23. Bxe5 fxe5 24. Rxe5+ Kd8 25. Qc3 1-0

[Event "1st 4NCL International Open"]
[Site "Telford"]
[Date "2018.11.02"]
[Round "2"]
[White "Dgebuadze, Alexandre"]
[Black "Eggleston, David J"]
[Result "1/2-1/2"]
[ECO "A47"]
[WhiteElo "2484"]
[BlackElo "2406"]
[Annotator "RC"]
[PlyCount "51"]
[EventDate "2018.10.31"]
[EventType "swiss"]
[EventCountry "GBR"]
[SourceTitle "playchess.com"]
[Source "ChessBase"]
[SourceQuality "1"]
[TimeControl "5400+30"]

1. d4 Nf6 2. Nf3 e6 3. c3 b6 4. Bg5 Bb7 5. Nbd2 Be7 6. e3 c5 7. Bd3 d6 8. O-O Nbd7 9. Re1 h6 10. Bxf6 Bxf6 11. Ne4 Be7 12. Ng3 O-O 13. e4 cxd4 14. cxd4 a6 15. Qe2 Re8 16. a3 Bf8 17. Rad1 b5 18. Bb1 Qc7 19. e5 g6 20. h4 dxe5 21. h5 g5 22. Rc1 Qb8 23. Qd3 Bg7 24. Qh7+ Kf8 25. Nxe5 Nf6 26. Qc2 1/2-1/2

[Event "1st 4NCL International Open"]
[Site "Telford"]
[Date "2018.11.02"]
[Round "2"]
[White "Fernandez, Daniel Howard"]
[Black "Rahul Srivatshav P"]
[Result "1-0"]
[ECO "D00"]
[WhiteElo "2461"]
[BlackElo "2395"]
[Annotator "RC"]
[PlyCount "81"]
[EventDate "2018.10.31"]
[EventType "swiss"]
[EventCountry "GBR"]
[SourceTitle "playchess.com"]
[Source "ChessBase"]
[SourceQuality "1"]
[TimeControl "5400+30"]

1. d4 Nf6 2. Bg5 g6 3. Bxf6 exf6 4. e3 d5 5. h4 h5 6. c4 dxc4 7. Bxc4 Bd6 8. Nc3 c6 9. Nge2 Nd7 10. a3 Qe7 11. g3 Nb6 12. Ba2 Bg4 13. Qd3 O-O-O 14. b4 Rhe8 15. Kf1 Bf3 16. Rh2 Kb8 17. Ng1 Bg4 18. Kg2 g5 19. Nf3 a6 20. Rhh1 Nd7 21. Nh2 Be6 22. Bxe6 fxe6 23. hxg5 fxg5 24. Ne4 g4 25. Nf1 Rh8 26. Nfd2 Bc7 27. a4 h4 28. gxh4 Ne5 29. Qe2 Ng6 30. h5 Nh4+ 31. Kf1 Rdg8 32. Rg1 Rxh5 33. Rxg4 Ng6 34. Rg1 Rgh8 35. b5 Rh1 36. Qg4 Rxg1+ 37. Qxg1 cxb5 38. axb5 Qd7 39. Rb1 Ne5 40. b6 Bd8 41. Qg3 1-0

[Event "1st 4NCL International Open"]
[Site "Telford"]
[Date "2018.11.02"]
[Round "2"]
[White "Richardson, John R"]
[Black "Zabrocki, Philip Am"]
[Result "1-0"]
[ECO "E69"]
[WhiteElo "2213"]
[BlackElo "1952"]
[Annotator "ChessBase"]
[PlyCount "53"]
[EventDate "2018.10.31"]
[EventType "swiss"]
[EventCountry "GBR"]
[SourceTitle "playchess.com"]
[Source "ChessBase"]
[SourceQuality "1"]
[TimeControl "5400+30"]

1. d4 Nf6 2. c4 g6 3. g3 Bg7 4. Bg2 O-O 5. Nc3 d6 6. Nf3 c6 7. O-O Qa5 8. e4 e5 9. h3 Nbd7 10. Re1 Re8 11. d5 cxd5 12. cxd5 b5 13. a3 a6 14. b4 Qc7 15. Bd2 Nb6 16. a4 Nxa4 17. Nxa4 bxa4 18. Rc1 Qd7 19. Rc4 Bb7 20. Be3 Rec8 21. Nd2 a5 22. b5 Qxb5 23. Rxa4 Rc1 24. Qxc1 Qxa4 25. Qc7 Qb4 26. Rb1 Rc8 27. Qe7 1-0

[Event "1st 4NCL International Open"]
[Site "Telford"]
[Date "2018.11.02"]
[Round "2"]
[White "Hill, Alistair"]
[Black "Bennett, Dominic L"]
[Result "1/2-1/2"]
[ECO "B07"]
[WhiteElo "2203"]
[BlackElo "1933"]
[Annotator "ChessBase"]
[PlyCount "104"]
[EventDate "2018.10.31"]
[EventType "swiss"]
[EventCountry "GBR"]
[SourceTitle "playchess.com"]
[Source "ChessBase"]
[SourceQuality "1"]
[TimeControl "5400+30"]

1. Nf3 d6 2. d4 c6 3. e4 Nf6 4. Bd3 g6 5. O-O Bg7 6. Re1 O-O 7. c3 Na6 8. h3 c5 9. d5 Rb8 10. c4 b5 11. cxb5 Nc7 12. Nc3 Nd7 13. a4 a6 14. Qe2 Re8 15. Bf4 Nf8 16. e5 axb5 17. axb5 Nd7 18. Ra7 Rb7 19. Rxb7 Bxb7 20. e6 fxe6 21. dxe6 Nf6 22. Ra1 Nfd5 23. Bd2 Rf8 24. Be4 Nxc3 25. bxc3 d5 26. Bc2 d4 27. cxd4 cxd4 28. Rd1 Qa8 29. Ne1 Nd5 30. Be4 Qa2 31. Bxd5 Qxd5 32. Bb4 Qg5 33. Qd2 Qf6 34. Qe2 Qg5 35. Rd2 Rf5 36. f3 Re5 37. Qf2 Rxb5 38. Rxd4 Bxd4 39. Qxd4 Qe5 40. Qd8+ Kg7 41. Qxe7+ Kh6 42. Bd2+ g5 43. Kh1 Rb1 44. Qf8+ Kh5 45. Qf7+ Kh6 46. Qf8+ Kh5 47. Qf7+ Kh6 48. e7 Bc6 49. Qf8+ Kh5 50. Qf7+ Kh6 51. Qf8+ Kh5 52. Qf7+ Kh6 1/2-1/2

[Event "1st 4NCL International Open"]
[Site "Telford"]
[Date "2018.11.02"]
[Round "2"]
[White "Ferrington, Nigel M"]
[Black "Rahulan, Thivyaa"]
[Result "1-0"]
[ECO "C01"]
[WhiteElo "2130"]
[BlackElo "1868"]
[Annotator "ChessBase"]
[PlyCount "75"]
[EventDate "2018.10.31"]
[EventType "swiss"]
[EventCountry "GBR"]
[SourceTitle "playchess.com"]
[Source "ChessBase"]
[SourceQuality "1"]
[TimeControl "5400+30"]

1. e4 e6 2. d4 d5 3. Bd3 Nf6 4. e5 Nfd7 5. f4 c5 6. c3 Nc6 7. Nf3 a6 8. O-O Be7 9. Be3 b5 10. a3 Bb7 11. Nbd2 Qb6 12. b4 c4 13. Bc2 a5 14. Qe2 h6 15. f5 Kd8 16. fxe6 fxe6 17. Qf2 Kc7 18. Qg3 g5 19. h3 axb4 20. axb4 Ra6 21. Nh2 Rha8 22. Rac1 Rf8 23. Ng4 Rxf1+ 24. Nxf1 Ra3 25. Bd1 Bf8 26. Nf6 Nxf6 27. exf6+ Kd7 28. h4 Bd6 29. Qg4 Qd8 30. hxg5 hxg5 31. Qxg5 Qf8 32. Bg4 Nd8 33. Nd2 Nf7 34. Qh4 Bxb4 35. Nb1 Rb3 36. Qh3 Bd6 37. Bxe6+ Kc7 38. Qh7 1-0

[Event "1st 4NCL International Open"]
[Site "Telford"]
[Date "2018.11.02"]
[Round "2"]
[White "Ahluwalia, Amardip"]
[Black "Ther, Mate"]
[Result "1/2-1/2"]
[ECO "A25"]
[WhiteElo "2085"]
[BlackElo "1759"]
[Annotator "NA"]
[PlyCount "145"]
[EventDate "2018.10.31"]
[EventType "swiss"]
[EventCountry "GBR"]
[SourceTitle "playchess.com"]
[Source "ChessBase"]
[SourceQuality "1"]
[TimeControl "5400+30"]

1. c4 e5 2. g3 f5 3. Bg2 Nf6 4. Nc3 Nc6 5. d3 Bc5 6. e3 O-O 7. Nge2 Qe8 8. O-O Qh5 9. a3 a5 10. Rb1 d6 11. d4 Ba7 12. Nb5 Bb8 13. Nec3 Qg6 14. Qc2 Na7 15. c5 exd4 16. exd4 Nxb5 17. Nxb5 d5 18. Bf4 c6 19. Nc7 Bxc7 20. Bxc7 Be6 21. Qb3 Qf7 22. Be5 Rfe8 23. Rfe1 Ne4 24. Re2 Qd7 25. Rbe1 Kf8 26. Qf3 Qf7 27. Qf4 Kg8 28. h4 Rac8 29. Bh3 g6 30. Bg2 a4 31. Qc1 Ra8 32. Qc2 Ra7 33. Re3 Raa8 34. Qe2 Bd7 35. Qd1 Be6 36. Bf1 Kf8 37. Bd3 Ra7 38. Bc2 Bd7 39. Bxa4 Rea8 40. Bc2 Re8 41. Bd3 Raa8 42. Bf1 Be6 43. Bg2 Ra7 44. Qb3 Kg8 45. Qb6 Ra6 46. Qb4 Ra7 47. Bf1 Raa8 48. Bd3 Ra7 49. Qb6 Raa8 50. f3 Nxg3 51. Bxg3 f4 52. Rxe6 Rxe6 53. Rxe6 Qxe6 54. Bf2 Qe7 55. Qb4 g5 56. Qe1 Qxe1+ 57. Bxe1 Re8 58. Bd2 gxh4 59. Bxf4 Re1+ 60. Kf2 Rd1 61. Ke2 Rg1 62. Kd2 Rg2+ 63. Kc3 h3 64. Bf5 Rf2 65. Bg4 Kf7 66. Bg3 h2 67. Bxh2 Rxh2 68. Bc8 Ke7 69. b4 Rf2 70. Bg4 Ra2 71. Kb3 Rd2 72. Kc3 Ra2 73. Kb3 1/2-1/2

[Event "1st 4NCL International Open"]
[Site "Telford"]
[Date "2018.11.02"]
[Round "2"]
[White "Ratnesan, Ranesh"]
[Black "Akeya-Price, Robert"]
[Result "1-0"]
[ECO "A14"]
[WhiteElo "1994"]
[BlackElo "1730"]
[Annotator "NA"]
[PlyCount "85"]
[EventDate "2018.10.31"]
[EventType "swiss"]
[EventCountry "GBR"]
[SourceTitle "playchess.com"]
[Source "ChessBase"]
[SourceQuality "1"]
[TimeControl "5400+30"]

1. Nf3 Nf6 2. g3 e6 3. c4 b6 4. Bg2 Bb7 5. b3 Be7 6. Bb2 O-O 7. O-O d5 8. e3 c5 9. Qe2 Nc6 10. Rd1 Rc8 11. cxd5 Nxd5 12. Nc3 Ndb4 13. d4 Ba6 14. Qd2 cxd4 15. exd4 Nd3 16. Ne4 Bb4 17. Qe2 Nxb2 18. Qxb2 Ne7 19. a3 Bd6 20. Ne5 f6 21. Nf3 Nd5 22. Rac1 Qe7 23. b4 Rxc1 24. Rxc1 Rc8 25. Re1 Re8 26. Qb3 Bb8 27. Nh4 Qf7 28. Nc3 Nxc3 29. Qxc3 Bb7 30. Nf3 Qc7 31. Qe3 Bd5 32. Bh3 Qd7 33. Nd2 Qf7 34. Qd3 g6 35. Ne4 f5 36. Nc3 Qd7 37. Qd2 Kg7 38. Bf1 Rd8 39. Bb5 Qf7 40. Nxd5 exd5 41. Qg5 Rd7 42. Bxd7 Qxd7 43. Re7+ 1-0

[Event "1st 4NCL International Open"]
[Site "Telford"]
[Date "2018.11.02"]
[Round "2"]
[White "Jamieson, Ian"]
[Black "Mihalik, Agoston"]
[Result "0-1"]
[ECO "A03"]
[WhiteElo "1947"]
[BlackElo "2223"]
[Annotator "ChessBase"]
[PlyCount "82"]
[EventDate "2018.10.31"]
[EventType "swiss"]
[EventCountry "GBR"]
[SourceTitle "playchess.com"]
[Source "ChessBase"]
[SourceQuality "1"]
[TimeControl "5400+30"]

1. f4 d5 2. Nf3 c5 3. e3 Nf6 4. d3 g6 5. Be2 Bg7 6. O-O O-O 7. Nc3 d4 8. Ne4 Qb6 9. Nxf6+ Bxf6 10. e4 Nc6 11. Qe1 c4 12. f5 Nb4 13. Bh6 Bg7 14. Qh4 Bxh6 15. Qxh6 Qf6 16. e5 Qg7 17. Qxg7+ Kxg7 18. Nxd4 Rd8 19. f6+ exf6 20. exf6+ Kg8 21. c3 cxd3 22. Bf3 Nc2 23. Nxc2 dxc2 24. Be4 Bf5 25. Rxf5 gxf5 26. Bxc2 Rd2 27. Bxf5 Re8 28. Bg4 Rxb2 29. h3 Rb6 30. Bf3 Rc8 31. Rc1 Rc7 32. c4 Rxf6 33. a4 Ra6 34. Bd1 Rac6 35. Be2 b6 36. Rc3 Rd6 37. Rg3+ Kf8 38. Rg4 Rd2 39. Bf3 Ra2 40. Bd5 Rxa4 41. Rh4 b5 0-1

[Event "1st 4NCL International Open"]
[Site "Telford"]
[Date "2018.11.02"]
[Round "2"]
[White "Gibson, Christopher A"]
[Black "Willow, Jonah B"]
[Result "0-1"]
[ECO "B47"]
[WhiteElo "1924"]
[BlackElo "2271"]
[Annotator "ChessBase"]
[PlyCount "72"]
[EventDate "2018.10.31"]
[EventType "swiss"]
[EventCountry "GBR"]
[SourceTitle "playchess.com"]
[Source "ChessBase"]
[SourceQuality "1"]
[TimeControl "5400+30"]

1. e4 c5 2. Nf3 e6 3. d4 cxd4 4. Nxd4 Nc6 5. Nc3 Qc7 6. g3 a6 7. Bg2 Nf6 8. O-O h5 9. h3 Bc5 10. Nb3 Ba7 11. Bf4 Ne5 12. a4 d6 13. Nc1 Bd7 14. Nd3 Bc6 15. Qe2 Nxd3 16. cxd3 e5 17. Be3 Bxe3 18. Qxe3 O-O 19. d4 Qb6 20. Nd5 Bxd5 21. exd5 Rfe8 22. dxe5 Qxe3 23. fxe3 Rxe5 24. Ra3 Rae8 25. Rb3 R8e7 26. Rf4 Nxd5 27. Rd4 Nxe3 28. Bxb7 Nf5 29. Rdd3 Re1+ 30. Kf2 h4 31. gxh4 R7e2+ 32. Kf3 Nxh4+ 33. Kg4 Ng6 34. Rxd6 Ne5+ 35. Kh4 f6 36. Kh5 Rg1 0-1

[Event "1st 4NCL International Open"]
[Site "Telford"]
[Date "2018.11.02"]
[Round "2"]
[White "Paul, Nathanael"]
[Black "Britton, Richard L"]
[Result "1-0"]
[ECO "B20"]
[WhiteElo "1890"]
[BlackElo "2204"]
[Annotator "ChessBase"]
[PlyCount "57"]
[EventDate "2018.10.31"]
[EventType "swiss"]
[EventCountry "GBR"]
[SourceTitle "playchess.com"]
[Source "ChessBase"]
[SourceQuality "1"]
[TimeControl "5400+30"]

1. e4 c5 2. a3 b6 3. b4 Bb7 4. Nc3 e6 5. Bb2 d6 6. Nf3 Nd7 7. Bc4 Ngf6 8. Qe2 Be7 9. Ba6 Qc8 10. Bxb7 Qxb7 11. O-O O-O 12. d3 Rfe8 13. bxc5 Nxc5 14. e5 dxe5 15. Nxe5 Rac8 16. Rad1 Qa6 17. Nb1 Red8 18. c4 Na4 19. Ba1 b5 20. Rc1 Qb7 21. Rfe1 a6 22. Kh1 Nc5 23. Nd2 Ncd7 24. Nxf7 Rf8 25. Ng5 Bxa3 26. Qxe6+ Kh8 27. Nf7+ Rxf7 28. Qxf7 Bxc1 29. Re7 1-0

[Event "1st 4NCL International Open"]
[Site "Telford"]
[Date "2018.11.02"]
[Round "2"]
[White "Guha, Chirag"]
[Black "Mason, Donald J"]
[Result "1-0"]
[ECO "A70"]
[WhiteElo "1887"]
[BlackElo "2165"]
[Annotator "ChessBase"]
[PlyCount "61"]
[EventDate "2018.10.31"]
[EventType "swiss"]
[EventCountry "GBR"]
[SourceTitle "playchess.com"]
[Source "ChessBase"]
[SourceQuality "1"]
[TimeControl "5400+30"]

1. d4 Nf6 2. c4 c5 3. d5 e6 4. Nc3 exd5 5. cxd5 d6 6. e4 g6 7. Nf3 Bg7 8. h3 O-O 9. Bd3 b5 10. O-O b4 11. Nb1 Nbd7 12. Bf4 Nb6 13. Qc2 c4 14. Bxc4 Nxe4 15. Qxe4 Re8 16. Qc2 Bf5 17. Qc1 Rc8 18. Nbd2 Bd3 19. Bxd3 Rxc1 20. Raxc1 Bxb2 21. Rc6 Be5 22. Bxe5 dxe5 23. Ne4 Kg7 24. d6 Nd5 25. Bc4 Nc3 26. Nc5 Qa8 27. Rc7 Kh6 28. Bxf7 Nb5 29. Bxe8 Nxc7 30. dxc7 Qxe8 31. Rc1 1-0

[Event "1st 4NCL International Open"]
[Site "Telford"]
[Date "2018.11.02"]
[Round "2"]
[White "Jukes, Sam"]
[Black "Stepanyan, Henrik"]
[Result "0-1"]
[ECO "C54"]
[WhiteElo "1863"]
[BlackElo "2158"]
[Annotator "ChessBase"]
[PlyCount "98"]
[EventDate "2018.10.31"]
[EventType "swiss"]
[EventCountry "GBR"]
[SourceTitle "playchess.com"]
[Source "ChessBase"]
[SourceQuality "1"]
[TimeControl "5400+30"]

1. e4 e5 2. Nf3 Nc6 3. Bc4 Bc5 4. c3 Nf6 5. d3 O-O 6. Bb3 d5 7. exd5 Nxd5 8. O-O Bg4 9. h3 Bh5 10. g4 Bg6 11. Nxe5 Nxe5 12. d4 Be4 13. f3 Qh4 14. fxe4 Qg3+ 15. Kh1 Qxh3+ 16. Kg1 Ne3 17. Bxe3 Qxe3+ 18. Rf2 Nd3 19. Qd2 Qxf2+ 20. Qxf2 Nxf2 21. Kxf2 Be7 22. Nd2 g6 23. Nc4 a5 24. Ne5 Kg7 25. Ke3 f6 26. Nd3 Bd6 27. Rf1 Rae8 28. c4 c5 29. dxc5 Be5 30. Ba4 Rc8 31. g5 Bb8 32. c6 bxc6 33. b4 axb4 34. gxf6+ Rxf6 35. Rxf6 Kxf6 36. Nxb4 c5 37. Nd5+ Kg5 38. Bd7 Rd8 39. Be6 h5 40. a4 h4 41. a5 Be5 42. Nb6 Bc7 43. Bd5 h3 44. Kf3 h2 45. Kg2 Rh8 46. Kh1 Rf8 47. e5 Bxe5 48. Kg2 Rh8 49. Kh1 Bc7 0-1

[Event "1st 4NCL International Open"]
[Site "Telford"]
[Date "2018.11.02"]
[Round "3"]
[White "Rahul Srivatshav P"]
[Black "Richardson, John R"]
[Result "0-1"]
[ECO "E46"]
[WhiteElo "2395"]
[BlackElo "2213"]
[Annotator "ChessBase"]
[PlyCount "92"]
[EventDate "2018.10.31"]
[EventType "swiss"]
[EventCountry "GBR"]
[SourceTitle "playchess.com"]
[Source "ChessBase"]
[SourceQuality "1"]
[TimeControl "5400+30"]

1. d4 Nf6 2. c4 e6 3. Nc3 Bb4 4. e3 O-O 5. Nge2 d5 6. a3 Be7 7. cxd5 exd5 8. Nf4 c6 9. Bd3 Bd6 10. O-O a5 11. Bd2 Na6 12. f3 Nc7 13. Qe1 Ne6 14. Nfe2 Bc7 15. Qf2 b6 16. g4 Ba6 17. Bc2 c5 18. Qg2 b5 19. g5 Ne8 20. f4 b4 21. axb4 cxb4 22. Nxd5 Bxe2 23. Nxc7 Bxf1 24. Qxa8 Qxc7 25. Qe4 g6 26. Rxf1 Nd6 27. Qd3 Nf5 28. Bd1 Qb6 29. Bg4 Nd6 30. Ra1 Re8 31. Kf2 h6 32. h4 hxg5 33. hxg5 Nxg5 34. fxg5 Ne4+ 35. Kg2 Qd8 36. Rf1 Qxg5 37. Rf4 f5 38. Qb5 Re7 39. Be1 Nf6 40. Qb8+ Kg7 41. Kf3 Nxg4 42. e4 Qh5 43. Bg3 Qh1+ 44. Ke2 Qg2+ 45. Kd3 Qxg3+ 46. Kc4 Ne5+ 0-1

[Event "1st 4NCL International Open"]
[Site "Telford"]
[Date "2018.11.02"]
[Round "3"]
[White "Gourlay, Iain"]
[Black "Ratnesan, Ranesh"]
[Result "1/2-1/2"]
[ECO "A26"]
[WhiteElo "2358"]
[BlackElo "1994"]
[Annotator "ChessBase"]
[PlyCount "108"]
[EventDate "2018.10.31"]
[EventType "swiss"]
[EventCountry "GBR"]
[SourceTitle "playchess.com"]
[Source "ChessBase"]
[SourceQuality "1"]
[TimeControl "5400+30"]

1. Nf3 Nf6 2. g3 g6 3. c4 Bg7 4. Bg2 O-O 5. O-O d6 6. Nc3 e5 7. d3 Nc6 8. Rb1 a5 9. a3 Re8 10. e4 Bg4 11. h3 Bxf3 12. Bxf3 Nd4 13. Bg2 Nd7 14. Be3 c6 15. h4 Nc5 16. b3 Nce6 17. Bh3 f5 18. exf5 gxf5 19. Qh5 Qf6 20. Kh1 Qg6 21. Qxg6 hxg6 22. Rfc1 Nc5 23. b4 axb4 24. axb4 Nxd3 25. Rd1 e4 26. Bf1 Nc2 27. Bxd3 Nxe3 28. fxe3 Bxc3 29. Bc2 Be5 30. Bb3 Kg7 31. Kg2 Ra3 32. Kf2 Rea8 33. Rd2 Kf6 34. Rc2 Ke7 35. b5 g5 36. hxg5 Rh8 37. Kg2 Rg8 38. bxc6 bxc6 39. Kh3 Rxg5 40. Rg2 Ra8 41. Kh2 Rh8+ 42. Kg1 Rh3 43. Ba4 Rhxg3 44. Rxg3 Rxg3+ 45. Kf2 Rf3+ 46. Ke2 c5 47. Rb7+ Kf6 48. Rb8 Bg3 49. Bc6 Rf2+ 50. Kd1 Kg5 51. Rg8+ Kh4 52. Bd7 Kh3 53. Rg5 Kh4 54. Rxf5 Rxf5 1/2-1/2

[Event "1st 4NCL International Open"]
[Site "Telford"]
[Date "2018.11.02"]
[Round "3"]
[White "Kulkarni, Rakesh"]
[Black "Paul, Nathanael"]
[Result "1/2-1/2"]
[ECO "B10"]
[WhiteElo "2297"]
[BlackElo "1890"]
[Annotator "ChessBase"]
[PlyCount "75"]
[EventDate "2018.10.31"]
[EventType "swiss"]
[EventCountry "GBR"]
[SourceTitle "playchess.com"]
[Source "ChessBase"]
[SourceQuality "1"]
[TimeControl "5400+30"]

1. c4 c6 2. e4 d5 3. exd5 cxd5 4. cxd5 Nf6 5. Qa4+ Nbd7 6. Nc3 g6 7. Nf3 Bg7 8. Bc4 O-O 9. d3 Nb6 10. Qb3 e6 11. dxe6 Bxe6 12. Bxe6 Re8 13. O-O Rxe6 14. d4 Nfd5 15. Bg5 f6 16. Bd2 Qd7 17. a4 Rc8 18. a5 Nc4 19. Ra4 Nxd2 20. Nxd2 Nxc3 21. bxc3 Rxc3 22. Qxc3 Qxa4 23. Qc8+ Re8 24. Qxb7 Qxd4 25. Nb3 Qc4 26. g3 Qf7 27. a6 Re7 28. Nc5 Bf8 29. Rb1 Qe8 30. Qd5+ Kg7 31. Rb7 Kh6 32. Nd7 Re1+ 33. Kg2 Qe2 34. Nxf6 Qf1+ 35. Kf3 Qe2+ 36. Kg2 Qf1+ 37. Kf3 Qe2+ 38. Kg2 1/2-1/2

[Event "1st 4NCL International Open"]
[Site "Telford"]
[Date "2018.11.02"]
[Round "3"]
[White "Willow, Jonah B"]
[Black "Dgebuadze, Alexandre"]
[Result "0-1"]
[ECO "A08"]
[WhiteElo "2271"]
[BlackElo "2484"]
[Annotator "RC"]
[PlyCount "136"]
[EventDate "2018.10.31"]
[EventType "swiss"]
[EventCountry "GBR"]
[SourceTitle "playchess.com"]
[Source "ChessBase"]
[SourceQuality "1"]
[TimeControl "5400+30"]

1. e4 e6 2. d3 d5 3. Nd2 c5 4. g3 Nc6 5. Bg2 Nf6 6. Ngf3 g6 7. O-O Bg7 8. c3 O-O 9. Re1 a5 10. e5 Nd7 11. d4 Qb6 12. Nf1 cxd4 13. cxd4 f6 14. exf6 Nxf6 15. b3 Ne4 16. Be3 a4 17. bxa4 Qb4 18. N1d2 Nxd2 19. Bxd2 Qxa4 20. Bc3 Qxd1 21. Rexd1 Ra3 22. Rdc1 Rxc3 23. Rxc3 Nxd4 24. Nxd4 Bxd4 25. Rxc8 Rxc8 26. Rd1 Ba7 27. Bh3 Kf7 28. Re1 Rc2 29. Rxe6 Rxf2 30. Kh1 Rxa2 31. Rd6 d4 32. Rd7+ Ke8 33. Rxb7 d3 34. Bg4 h5 35. Bf3 Ra1+ 36. Kg2 d2 37. Rg7 Rg1+ 38. Kh3 Rf1 39. Be2 Bg1 40. Kh4 Re1 41. Bf3 Re6 42. g4 Bf2+ 43. Kg5 Be3+ 44. Kh4 Rf6 45. Bd1 Kf8 46. Rd7 Rf4 47. Rd3 Re4 48. Bf3 Re5 49. gxh5 gxh5 50. Bxh5 Bf2+ 51. Kg4 Be3 52. Kh4 Ke7 53. Bd1 Bh6 54. Kg3 Re1 55. Bf3 Be3 56. Kh4 Ke6 57. Kh5 Kf6 58. h3 Ke5 59. Rd5+ Kf4 60. Bg4 Ke4 61. Rd8 Rg1 62. Be2 Bd4 63. Kh6 Rh1 64. Re8+ Be5 65. Rd8 Ke3 66. Bg4 Bd4 67. Kg5 Rg1 68. Re8+ Kd3 0-1

[Event "1st 4NCL International Open"]
[Site "Telford"]
[Date "2018.11.02"]
[Round "3"]
[White "Mihalik, Agoston"]
[Black "Ross, Stuart"]
[Result "1-0"]
[ECO "B97"]
[WhiteElo "2223"]
[BlackElo "1608"]
[Annotator "ChessBase"]
[PlyCount "51"]
[EventDate "2018.10.31"]
[EventType "swiss"]
[EventCountry "GBR"]
[SourceTitle "playchess.com"]
[Source "ChessBase"]
[SourceQuality "1"]
[TimeControl "5400+30"]

1. e4 c5 2. Nf3 d6 3. d4 cxd4 4. Nxd4 Nf6 5. Nc3 a6 6. Bg5 e6 7. f4 Qb6 8. Qd3 Qxb2 9. Rb1 Qa3 10. f5 Nc6 11. fxe6 fxe6 12. Nxc6 bxc6 13. Be2 Qa5 14. Bxf6 gxf6 15. O-O Be7 16. Kh1 Bd7 17. Bg4 O-O 18. Rb7 Qd8 19. Qc4 d5 20. exd5 cxd5 21. Nxd5 Rf7 22. Nxe7+ Qxe7 23. Qb3 Qd6 24. Rd1 Qe5 25. Rbxd7 Rxd7 26. Bxe6+ 1-0

[Event "1st 4NCL International Open"]
[Site "Telford"]
[Date "2018.11.02"]
[Round "3"]
[White "Britton, Richard L"]
[Black "Rahulan, Thivyaa"]
[Result "1-0"]
[ECO "C00"]
[WhiteElo "2204"]
[BlackElo "1868"]
[Annotator "ChessBase"]
[PlyCount "103"]
[EventDate "2018.10.31"]
[EventType "swiss"]
[EventCountry "GBR"]
[SourceTitle "playchess.com"]
[Source "ChessBase"]
[SourceQuality "1"]
[TimeControl "5400+30"]

1. e4 e6 2. d3 d5 3. Nd2 Nf6 4. g3 b5 5. Bg2 c5 6. Ngf3 Be7 7. O-O Nc6 8. Re1 Bb7 9. e5 Nd7 10. Nf1 a5 11. h4 Qc7 12. Bf4 Nb6 13. h5 h6 14. N1h2 d4 15. Ng4 Nd5 16. Bd2 Rd8 17. a3 Qb6 18. Nfh2 c4 19. Bc1 Rd7 20. Be4 Kd8 21. f4 Kc7 22. Qf3 Rc8 23. a4 Ncb4 24. Qd1 cxd3 25. cxd3 Kb8 26. Re2 Rdc7 27. Bd2 Nc2 28. Rc1 Ndb4 29. Bxb4 Nxb4 30. Rxc7 Rxc7 31. Bxb7 Kxb7 32. Nf2 Nd5 33. Nf1 Qc6 34. axb5 Qxb5 35. Ne4 Kb6 36. Kg2 Nb4 37. Rd2 Qd5 38. Qf3 Qb3 39. Nf2 Nd5 40. Re2 Rc2 41. Nd2 Ne3+ 42. Rxe3 Rxd2 43. Re2 Rxe2 44. Qxe2 Qd5+ 45. Qf3 Qxf3+ 46. Kxf3 Kb5 47. Ne4 Kb4 48. Nd2 Kb5 49. Ke4 Bc5 50. g4 a4 51. Nc4 Kb4 52. f5 1-0

[Event "1st 4NCL International Open"]
[Site "Telford"]
[Date "2018.11.02"]
[Round "3"]
[White "Mason, Donald J"]
[Black "Ahluwalia, Amardip"]
[Result "0-1"]
[ECO "A16"]
[WhiteElo "2165"]
[BlackElo "2085"]
[Annotator "ChessBase"]
[PlyCount "64"]
[EventDate "2018.10.31"]
[EventType "swiss"]
[EventCountry "GBR"]
[SourceTitle "playchess.com"]
[Source "ChessBase"]
[SourceQuality "1"]
[TimeControl "5400+30"]

1. Nf3 Nf6 2. c4 g6 3. Nc3 d5 4. cxd5 Nxd5 5. e4 Nxc3 6. bxc3 Bg7 7. Bc4 O-O 8. h3 c5 9. O-O Nc6 10. Re1 a6 11. a4 Na5 12. Ba2 c4 13. Ba3 b5 14. Bb4 Nc6 15. Rc1 Nxb4 16. cxb4 Qd6 17. Rb1 Rd8 18. e5 Qd5 19. d4 Bf5 20. Qe2 Bxb1 21. Bxb1 Qd7 22. Be4 Rac8 23. axb5 Qxb5 24. Ng5 e6 25. Qf3 Rc7 26. Bc2 Qxb4 27. Re4 h6 28. Nxe6 fxe6 29. Qg4 Qe7 30. Qxg6 Qf7 31. Qg3 Qf5 32. Qh4 Qg5 0-1

[Event "1st 4NCL International Open"]
[Site "Telford"]
[Date "2018.11.02"]
[Round "3"]
[White "Stepanyan, Henrik"]
[Black "Macklin, Paul"]
[Result "1/2-1/2"]
[ECO "E90"]
[WhiteElo "2158"]
[BlackElo "2361"]
[Annotator "ChessBase"]
[PlyCount "46"]
[EventDate "2018.10.31"]
[EventType "swiss"]
[EventCountry "GBR"]
[SourceTitle "playchess.com"]
[Source "ChessBase"]
[SourceQuality "1"]
[TimeControl "5400+30"]

1. d4 d6 2. Nf3 Nf6 3. c4 g6 4. Nc3 Bg7 5. e4 O-O 6. h3 e5 7. dxe5 dxe5 8. Qxd8 Rxd8 9. Bg5 Na6 10. Nd5 Rd6 11. Bxf6 Bxf6 12. Rc1 c5 13. a3 Kg7 14. b4 Rd7 15. Bd3 b6 16. b5 Nc7 17. O-O Bb7 18. a4 Ne8 19. Rc2 Nd6 20. Nd2 Bg5 21. Nf3 Bf6 22. Nd2 Bg5 23. Nf3 Bf6 1/2-1/2

[Event "1st 4NCL International Open"]
[Site "Telford"]
[Date "2018.11.02"]
[Round "3"]
[White "White, Stuart A"]
[Black "Gibson, Christopher A"]
[Result "1-0"]
[ECO "E92"]
[WhiteElo "2113"]
[BlackElo "1924"]
[Annotator "ChessBase"]
[PlyCount "73"]
[EventDate "2018.10.31"]
[EventType "swiss"]
[EventCountry "GBR"]
[SourceTitle "playchess.com"]
[Source "ChessBase"]
[SourceQuality "1"]
[TimeControl "5400+30"]

1. c4 Nf6 2. Nc3 g6 3. d4 Bg7 4. e4 d6 5. Nf3 O-O 6. Be2 e5 7. d5 a5 8. Bg5 h6 9. Bh4 g5 10. Bg3 Nh5 11. h4 g4 12. Nh2 Nxg3 13. fxg3 h5 14. O-O Bh6 15. Bd3 Na6 16. Qe2 Nc5 17. Bc2 Qe7 18. Rf2 f5 19. exf5 e4 20. f6 Rxf6 21. Rxf6 Qxf6 22. Nxe4 Qd4+ 23. Kh1 Nxe4 24. Bxe4 Kg7 25. Bc2 Qe3 26. Re1 Qxe2 27. Rxe2 Kf7 28. Kg1 Bd7 29. Kf2 Re8 30. Nf1 Kf6 31. Nd2 Rxe2+ 32. Kxe2 Bf5 33. Ba4 Bg6 34. Nb3 Bb1 35. Nxa5 Bxa2 36. b3 b6 37. Nc6 1-0